[Event "Titled Tuesday Blitz June 28 Late 2022"]
[White "Kapitsyn, Mark"]
[Black "Colivet Gamboa, Julio Cesar"]
[WhiteFideId "4116240"]
[BlackFideId "3949583"]
[WhiteElo "2245"]
[BlackElo "1743"]
[Result "0-1"]
[Round "11"]
[TimeControl "180+1"]
[Date "2022.06.29"]
[WhiteClock "0:00:02"]
[BlackClock "0:00:55"]

1. e4 c5 2. c3 d5 3. exd5 Qxd5 4. d4 cxd4 5. cxd4 Nc6 6. Nf3 e5 7. Nc3 Bb4 8. Bd2 Bxc3 9. Bxc3 e4 10. Ne5 Nxe5 11. dxe5 Ne7 12. Qa4+ Bd7 13. Qb4 a5 14. Qa3 b5 15. Rd1 b4 16. Bxb4 axb4 17. Qg3 Qa5 18. b3 Ng6 19. Bc4 Bb5 20. Bxf7+ Kxf7 21. e6+ Kf6 22. h4 Bd3 23. Qg5+ Qxg5 24. hxg5+ Kxg5 25. f3 Rxa2 26. fxe4 Bxe4 27. Rd4 Bf5 28. O-O Re8 29. Rxb4 Rxe6 30. Rb5 Ne7 0-1


[Site "https://www.chess.com"]

[Event "Titled Tuesday Blitz June 28 Late 2022"]
[White "Kohler, Aran"]
[Black "De La Colina, Nicolas"]
[WhiteFideId "1002856"]
[BlackFideId "30946921"]
[WhiteElo "2285"]
[BlackElo "2046"]
[Result "0-1"]
[Round "11"]
[TimeControl "180+1"]
[Date "2022.06.29"]
[WhiteClock "0:00:05"]
[BlackClock "0:00:35"]

1. d4 f5 2. Qd3 d5 3. g4 fxg4 4. h3 Nf6 5. hxg4 Bxg4 6. Bh3 Qd7 7. f3 Bxh3 8. Nxh3 Nc6 9. Bf4 e6 10. c3 O-O-O 11. Nd2 Bd6 12. Bxd6 cxd6 13. O-O-O e5 14. Kb1 h6 15. e4 g5 16. exd5 Nxd5 17. Ne4 exd4 18. cxd4 Kb8 19. Qb3 Qf5 20. Ka1 Nb6 21. d5 Ne5 22. Nhxg5 hxg5 23. Rxh8 Rxh8 24. Nxd6 Qxf3 25. Qc2 Rh2 26. Qb3 Qxb3 27. axb3 g4 28. Ne4 Rh8 29. d6 Rd8 30. Rf1 Nc8 31. Rf6 g3 32. Nxg3 Nxd6 0-1


[Site "https://www.chess.com"]

[Event "Titled Tuesday Blitz June 28 Late 2022"]
[White "Kostiukov, Alexandr"]
[Black "Khan, Taffin"]
[WhiteFideId "14108100"]
[BlackFideId "19700024"]
[WhiteElo "2202"]
[BlackElo "2066"]
[Result "1-0"]
[Round "11"]
[TimeControl "180+1"]
[Date "2022.06.29"]
[WhiteClock "0:01:35"]
[BlackClock "0:00:09"]

1. g3 Nf6 2. Bg2 e5 3. c4 c6 4. Nc3 Bc5 5. e3 a6 6. d4 exd4 7. exd4 Ba7 8. Qe2+ Qe7 9. Qxe7+ Kxe7 10. Nf3 d6 11. O-O h6 12. h3 Re8 13. Bf4 Nh5 14. Be3 Kd7 15. g4 Nf6 16. c5 dxc5 17. dxc5 Ke7 18. b4 Kf8 19. Nd2 Nbd7 20. Nc4 Bb8 21. Bd4 Ne5 22. Nb6 Ra7 23. Rfe1 Ned7 24. Rxe8+ 1-0


[Site "https://www.chess.com"]

[Event "Titled Tuesday Blitz June 28 Late 2022"]
[White "Ladopoulos, Dimitrios"]
[Black "Tologon tegin, Semetei"]
[WhiteFideId "4239580"]
[BlackFideId "13800574"]
[WhiteElo "2716"]
[BlackElo "2598"]
[Result "0-1"]
[Round "11"]
[TimeControl "180+1"]
[Date "2022.06.28"]
[WhiteClock "0:00:33"]
[BlackClock "0:00:24"]

1. Nf3 d5 2. d4 c6 3. c4 Nf6 4. e3 Bf5 5. Nc3 e6 6. Bd3 Bg6 7. O-O Nbd7 8. b3 Bd6 9. Bb2 O-O 10. Qc2 Rc8 11. e4 dxe4 12. Nxe4 Nxe4 13. Bxe4 Nf6 14. Bxg6 hxg6 15. Rad1 Qe7 16. Rfe1 Rfd8 17. h3 b5 18. Bc3 Qb7 19. Ne5 Bxe5 20. dxe5 Nd7 21. Ba5 Nb6 22. Rxd8+ Rxd8 23. c5 Rd5 24. cxb6 axb6 25. Bc3 Qd7 26. Re2 c5 27. Rd2 b4 28. Rxd5 exd5 29. Bb2 Qc6 30. f4 c4 31. Bd4 b5 32. Kf2 c3 33. Ke3 Qc8 34. g4 Qd8 35. Bc5 d4+ 36. Bxd4 Qh4 37. Bxc3 Qxh3+ 38. Kd4 bxc3 39. Qxc3 Qxg4 40. Qe3 g5 41. Ke4 b4 42. Qc5 Qxf4+ 43. Kd5 g4 44. Kd6 g3 45. Qc8+ Kh7 46. Qh3+ Kg6 47. Qg2 f6 48. Qc2+ Kg5 49. Kc5 fxe5 0-1


[Site "https://www.chess.com"]

[Event "Titled Tuesday Blitz June 28 Late 2022"]
[White "Leenhouts, Koen"]
[Black "Meunier-Pion, Jean"]
[WhiteFideId "1008439"]
[BlackFideId "20685327"]
[WhiteElo "2620"]
[BlackElo "2506"]
[Result "1-0"]
[Round "11"]
[TimeControl "180+1"]
[Date "2022.06.28"]
[WhiteClock "0:00:06"]
[BlackClock "0:00:02"]

1. d4 d5 2. c4 c6 3. Nf3 Nf6 4. Qb3 dxc4 5. Qxc4 g6 6. Nc3 Bg7 7. e4 O-O 8. e5 Nd5 9. Nxd5 cxd5 10. Qb3 Nc6 11. Bb5 Bg4 12. Bxc6 bxc6 13. O-O Qb6 14. Qxb6 axb6 15. Be3 Rfc8 16. Rfc1 c5 17. dxc5 bxc5 18. Rxc5 Rxc5 19. Bxc5 Bxf3 20. gxf3 Bxe5 21. Bxe7 Bxb2 22. Rd1 Rxa2 23. Rxd5 Kg7 24. Kg2 Bc3 25. Rd8 Re2 26. Bf8+ Kf6 27. Rd6+ Kf5 28. Rd3 Be5 29. Bc5 Rc2 30. Be3 h5 31. Rd5 Ke6 32. Ra5 Bc7 33. Ra6+ Kf5 34. Ra7 f6 35. Rb7 Be5 36. Rb5 Ke6 37. Rb6+ Kf5 38. h4 g5 39. hxg5 fxg5 40. Rb5 Re2 41. Kf1 Rc2 42. Bxg5 Kxg5 43. Rxe5+ Kg6 44. Kg2 Rc3 45. Re4 Rc5 46. Kg3 Rg5+ 47. Kh3 Rf5 48. Kg3 Rg5+ 49. Kf4 Rf5+ 50. Ke3 Kg5 51. f4+ Kg4 52. Re8 h4 53. Rg8+ Kh3 54. Ke4 Ra5 55. f5 Ra2 56. f3 Ra4+ 57. Ke5 Ra3 58. Kf4 Ra4+ 59. Kg5 Ra3 60. Kf4 Ra4+ 61. Ke3 Ra3+ 62. Ke4 Ra4+ 63. Ke5 Ra3 64. f4 Rg3 65. Rh8 Rg4 66. f6 Kg3 67. f7 Rxf4 68. Rg8+ Kf3 69. f8=Q Rxf8 70. Rxf8+ Kg2 71. Rg8+ Kf3 72. Rf8+ Kg2 73. Kf4 h3 74. Rg8+ Kf2 75. Ra8 h2 76. Ra2+ Kg1 77. Kg3 1-0


[Site "https://www.chess.com"]

[Event "Titled Tuesday Blitz June 28 Late 2022"]
[White "Leiva, Gianmarco"]
[Black "Voege, Tobias"]
[WhiteFideId "3804399"]
[BlackFideId "1270513"]
[WhiteElo "2676"]
[BlackElo "2506"]
[Result "0-1"]
[Round "11"]
[TimeControl "180+1"]
[Date "2022.06.28"]
[WhiteClock "0:00:07"]
[BlackClock "0:00:52"]

1. e4 e6 2. d4 d5 3. Nc3 Bb4 4. e5 c5 5. a3 Bxc3+ 6. bxc3 Ne7 7. Qg4 Ng6 8. h4 h5 9. Qg3 c4 10. Nf3 Nc6 11. Ng5 Nce7 12. Be2 Nf5 13. Qh2 Nfxh4 14. g3 Nf5 15. g4 Nh6 16. gxh5 Ne7 17. a4 Nef5 18. Qg2 Qa5 19. Bd2 Bd7 20. O-O Nxd4 21. Bd1 Ndf5 22. Qf3 Bc6 23. Qf4 O-O-O 24. Nf3 g6 25. Nd4 gxh5 26. Bf3 Rdg8+ 27. Kh1 Nxd4 28. cxd4 Qd8 29. Qf6 Qxf6 30. exf6 Ng4 31. a5 Nxf6 32. Bf4 a6 33. Be5 Rh6 34. Rg1 Ng4 35. c3 Nxf2+ 36. Kh2 Ng4+ 37. Bxg4 hxg4+ 38. Kg2 Rh3 39. Bg3 f5 40. Rh1 Rgh8 41. Rxh3 Rxh3 42. Rf1 Ba4 43. Re1 Kd7 44. Rb1 Bb3 45. Rf1 Bc2 46. Rc1 Be4+ 47. Kf2 f4 48. Bxf4 Rf3+ 49. Ke2 Bd3+ 50. Kd2 Rxf4 51. Rh1 Re4 52. Rh7+ Kc6 53. Rh8 Re2+ 54. Kd1 g3 55. Rg8 g2 56. Rg5 Rf2 57. Ke1 Rf1+ 58. Kd2 g1=Q 0-1


[Site "https://www.chess.com"]

[Event "Titled Tuesday Blitz June 28 Late 2022"]
[White "Manukian, Artak"]
[Black "Souleidis, Georgios"]
[WhiteFideId "13301373"]
[BlackFideId "4206827"]
[WhiteElo "2476"]
[BlackElo "2556"]
[Result "0-1"]
[Round "11"]
[TimeControl "180+1"]
[Date "2022.06.28"]
[WhiteClock "0:00:09"]
[BlackClock "0:00:27"]

1. e4 e5 2. Nf3 d6 3. d4 Bg4 4. dxe5 Nd7 5. e6 fxe6 6. h3 Bh5 7. Nc3 c6 8. Bc4 d5 9. exd5 exd5 10. Be2 Ngf6 11. O-O Bd6 12. Nd4 Bf7 13. Bg4 O-O 14. Ne6 Bxe6 15. Bxe6+ Kh8 16. Re1 Nc5 17. Bg4 Bc7 18. Bf3 Qd6 19. g3 Qd7 20. Bg2 Rf7 21. b4 Ne6 22. Ne2 Raf8 23. Be3 Bb6 24. Nd4 Nxd4 25. Bxd4 Ne8 26. Bxb6 axb6 27. Re2 Nd6 28. a4 Nc4 29. Qd4 Qd6 30. c3 Qg6 31. Rf1 h6 32. h4 Qd6 33. Rd1 Qc7 34. Rde1 Nd6 35. f4 b5 36. a5 Nc4 37. Re8 Qd7 38. Rxf8+ Rxf8 39. Kh2 Re8 40. Bh3 Qd8 41. Rxe8+ Qxe8 42. f5 Qe2+ 43. Bg2 Ne3 0-1


[Site "https://www.chess.com"]

[Event "Titled Tuesday Blitz June 28 Late 2022"]
[White "Mickiewicz, Piotr"]
[Black "Janaszak, Dawid"]
[WhiteFideId "1114891"]
[BlackFideId "1119206"]
[WhiteElo "2506"]
[BlackElo "2603"]
[Result "1-0"]
[Round "11"]
[TimeControl "180+1"]
[Date "2022.06.28"]
[WhiteClock "0:01:00"]
[BlackClock "0:00:18"]

1. e4 c5 2. Nf3 Nc6 3. d4 cxd4 4. Nxd4 g6 5. Nc3 Bg7 6. Be3 Nf6 7. Bc4 O-O 8. Bb3 Re8 9. O-O d6 10. h3 Na5 11. Qd3 b6 12. Bd5 Nxd5 13. exd5 Bd7 14. b4 Nb7 15. Nc6 Qc8 16. b5 Nc5 17. Bxc5 bxc5 18. a4 Qc7 19. Rfe1 Bf5 20. Qd2 h5 21. Ra3 a6 22. b6 Qxb6 23. Nxe7+ Rxe7 24. Rxe7 Bf6 25. Re2 c4 26. Ne4 Be5 27. Ng3 c3 28. Rxc3 Bxc3 29. Qxc3 Bd7 30. Ne4 Bg4 1-0


[Site "https://www.chess.com"]

[Event "Titled Tuesday Blitz June 28 Late 2022"]
[White "Navarrete Mendez, Gonzalo Alberto"]
[Black "Ladan, Nicholas"]
[WhiteFideId "5106850"]
[BlackFideId "30918855"]
[WhiteElo "2645"]
[BlackElo "2510"]
[Result "1-0"]
[Round "11"]
[TimeControl "180+1"]
[Date "2022.06.28"]
[WhiteClock "0:00:19"]
[BlackClock "0:00:09"]

1. e4 e5 2. Nf3 Nc6 3. Nc3 Nf6 4. Bb5 Nd4 5. O-O Nxb5 6. Nxb5 c6 7. Nc3 d6 8. d4 Qc7 9. Bg5 Be7 10. h3 h6 11. Bxf6 Bxf6 12. d5 O-O 13. Qd3 Rd8 14. Rfd1 a5 15. a4 Qb6 16. Nd2 Bh4 17. g3 Be7 18. Nc4 Qc5 19. Kg2 Bd7 20. Ne3 Be8 21. Nf5 Bf8 22. Ne3 Rdb8 23. Ra3 g6 24. Raa1 Ra6 25. dxc6 Bxc6 26. Ncd5 Raa8 27. c3 b5 28. b4 Qa7 29. axb5 Bxb5 30. c4 Bc6 31. Rxa5 Qb7 32. Rxa8 Rxa8 33. b5 Bxd5 34. Nxd5 Ra2 35. Rd2 Ra1 36. Rd1 Ra2 37. Qf3 Bg7 38. Qb3 Re2 39. Kf3 Rxe4 40. Kxe4 f5+ 41. Kf3 Kh7 42. Kg2 h5 43. Qf3 e4 44. Qf4 Be5 45. Qg5 e3 46. Qe7+ Qxe7 47. Nxe7 e2 48. Re1 h4 49. Rxe2 d5 50. Rxe5 dxc4 51. Rc5 c3 52. Rxc3 hxg3 53. Kxg3 Kh6 54. b6 Kh5 55. b7 f4+ 56. Kxf4 g5+ 57. Kf5 g4 58. hxg4+ Kh4 59. g5 Kh5 60. Rh3# 1-0


[Site "https://www.chess.com"]

[Event "Titled Tuesday Blitz June 28 Late 2022"]
[White "Novikova, Galina"]
[Black "Gubajdullin, Alexei"]
[WhiteFideId "4157095"]
[BlackFideId "4141202"]
[WhiteElo "2395"]
[BlackElo "2594"]
[Result "0-1"]
[Round "11"]
[TimeControl "180+1"]
[Date "2022.06.29"]
[WhiteClock "0:00:03"]
[BlackClock "0:00:20"]

1. e4 g6 2. d4 d6 3. Nc3 c6 4. f3 Qb6 5. Bc4 Bg7 6. Nge2 Nf6 7. Bb3 O-O 8. Be3 e5 9. Qd2 Qc7 10. dxe5 dxe5 11. O-O-O Na6 12. g4 Be6 13. Bh6 Rfd8 14. Qg5 Nc5 15. Bxg7 Kxg7 16. h4 a5 17. h5 h6 18. Qe3 Nxb3+ 19. cxb3 g5 20. Ng3 b6 21. Nf5+ Bxf5 22. gxf5 Rxd1+ 23. Rxd1 Nxh5 24. Rh1 Nf4 25. f6+ Kg6 26. Ne2 Rd8 27. Ng3 h5 28. a3 Rd3 29. Qf2 Qd8 30. Kb1 Rd1+ 31. Rxd1 Qxd1+ 32. Ka2 Nd3 33. Qh2 Nc1+ 34. Kb1 Nxb3+ 35. Ka2 h4 36. Qh3 Nc1+ 37. Kb1 Ne2+ 38. Ka2 Nxg3 39. Qc8 Qd6 40. Qg8+ Kxf6 41. Qh8+ Ke7 42. Qg8 Qg6 43. Qc8 Qe6+ 0-1


[Site "https://www.chess.com"]

[Event "Titled Tuesday Blitz June 28 Late 2022"]
[White "Omariev, Maksim"]
[Black "Tinmaz, Kerem"]
[WhiteFideId "4193423"]
[BlackFideId "44559151"]
[WhiteElo "2441"]
[BlackElo "1443"]
[Result "0-1"]
[Round "11"]
[TimeControl "180+1"]
[Date "2022.06.29"]
[WhiteClock "0:00:42"]
[BlackClock "0:00:09"]

1. e4 c6 2. Nc3 d5 3. Nf3 Bg4 4. h3 Bxf3 5. Qxf3 e6 6. g4 Nf6 7. d3 Bb4 8. Bd2 Qa5 9. g5 Nfd7 10. h4 Ne5 11. Qg3 Nbd7 12. f4 Ng6 13. h5 Ne7 14. Bh3 Nc5 15. a3 dxe4 16. dxe4 O-O-O 17. O-O-O Bxa3 18. Nb1 Bb4 19. Bg2 Bxd2+ 20. Nxd2 Rxd2 21. Kb1 Rhd8 22. Rc1 Qb4 23. Bf1 Na4 24. Qa3 Qxa3 25. bxa3 Nc3+ 26. Kb2 Nxe4 27. Bc4 Nd6 28. Bb3 Rf2 29. h6 g6 30. Rhf1 Rxf1 31. Rxf1 Nd5 32. c4 Ne3 33. Rf3 Nexc4+ 34. Kc3 Nb6 35. a4 Nd5+ 36. Kb2 Ne4 37. Re3 Nxe3 0-1


[Site "https://www.chess.com"]

[Event "Titled Tuesday Blitz June 28 Late 2022"]
[White "Pakleza, Zbigniew"]
[Black "Katz, Alexander"]
[WhiteFideId "1119290"]
[BlackFideId "2039796"]
[WhiteElo "2838"]
[BlackElo "2658"]
[Result "1-0"]
[Round "11"]
[TimeControl "180+1"]
[Date "2022.06.28"]
[WhiteClock "0:01:04"]
[BlackClock "0:00:47"]

1. d4 d5 2. Bf4 Nf6 3. e3 Bf5 4. c4 c6 5. Nc3 e6 6. Qb3 Qb6 7. c5 Qxb3 8. axb3 Nbd7 9. b4 Nh5 10. Be5 f6 11. Bc7 Rc8 12. Bd6 Bxd6 13. cxd6 g5 14. Rxa7 Rb8 15. b5 Ng7 16. Nf3 Kd8 17. b4 Ne8 18. bxc6 bxc6 19. b5 c5 20. Rxd7+ Kxd7 21. dxc5 Ra8 22. Nd4 Ra1+ 23. Kd2 Bg6 24. b6 1-0


[Site "https://www.chess.com"]

[Event "Titled Tuesday Blitz June 28 Late 2022"]
[White "Perske, Thore"]
[Black "Xu, Yi"]
[WhiteFideId "12902195"]
[BlackFideId "8605564"]
[WhiteElo "2578"]
[BlackElo "2828"]
[Result "0-1"]
[Round "11"]
[TimeControl "180+1"]
[Date "2022.06.28"]
[WhiteClock "0:00:03"]
[BlackClock "0:00:50"]

1. e4 c5 2. Nf3 d6 3. Bb5+ Nd7 4. O-O a6 5. Bd3 Ngf6 6. Re1 e6 7. a4 b6 8. c3 Bb7 9. Bc2 c4 10. Na3 Qc7 11. Qe2 Rc8 12. d4 cxd3 13. Bxd3 Nc5 14. Bf4 Nfxe4 15. Bc2 Be7 16. Rad1 O-O 17. h4 e5 18. Bc1 h6 19. h5 Qc6 20. a5 b5 21. b4 Nxc3 22. Qd2 N5e4 23. Qd3 f5 24. Bb3+ Kh8 25. Bxh6 Nxd1 26. Bxg7+ Kxg7 27. Rxd1 Qc3 0-1


[Site "https://www.chess.com"]

[Event "Titled Tuesday Blitz June 28 Late 2022"]
[White "Preotu, Razvan"]
[Black "Terry, Renato"]
[WhiteFideId "2613280"]
[BlackFideId "3803457"]
[WhiteElo "2733"]
[BlackElo "2938"]
[Result "1/2-1/2"]
[Round "11"]
[TimeControl "180+1"]
[Date "2022.06.28"]
[WhiteClock "0:01:50"]
[BlackClock "0:02:43"]

1. e4 g6 2. d4 Bg7 3. Nc3 c6 4. Be3 d5 5. e5 f6 6. f4 Nh6 7. Nf3 Bg4 8. Be2 O-O 9. O-O Bxf3 10. Bxf3 fxe5 11. fxe5 Nf5 12. Bf2 e6 13. Ne2 Bh6 14. Qd3 Nd7 15. c4 Qg5 1/2-1/2


[Site "https://www.chess.com"]

[Event "Titled Tuesday Blitz June 28 Late 2022"]
[White "Prydun, Andriy"]
[Black "Mirzoev, Azer"]
[WhiteFideId "14145898"]
[BlackFideId "13400304"]
[WhiteElo "2063"]
[BlackElo "2525"]
[Result "0-1"]
[Round "11"]
[TimeControl "180+1"]
[Date "2022.06.29"]
[WhiteClock "0:00:02"]
[BlackClock "0:00:24"]

1. e4 c5 2. Nf3 e6 3. d4 cxd4 4. Nxd4 a6 5. h3 b5 6. g4 Bb7 7. Bg2 Nc6 8. Be3 Nge7 9. O-O Nxd4 10. Bxd4 Nc6 11. Be3 Be7 12. Nc3 O-O 13. f4 Na5 14. b3 Rc8 15. Ne2 Nc6 16. c3 Qc7 17. Rc1 Rfd8 18. Qe1 Qb8 19. Qf2 d5 20. exd5 exd5 21. Nd4 Nxd4 22. Bxd4 Bf8 23. h4 Re8 24. h5 Qd6 25. g5 b4 26. f5 bxc3 27. f6 g6 28. hxg6 hxg6 29. Qh4 c2 30. Bf3 Qb4 31. a3 Qxd4+ 32. Qxd4 Bc5 33. Qxc5 Rxc5 34. Rf2 Rc3 35. Kg2 Rxb3 36. Rd2 d4 37. Bxb7 Rxb7 38. Rxd4 Rc7 39. Rd2 Rec8 40. a4 a5 41. Kf2 Rc5 42. Rd3 Rxg5 43. Ke2 Re5+ 44. Kd2 Rf5 45. Rxc2 0-1


[Site "https://www.chess.com"]

[Event "Titled Tuesday Blitz June 28 Late 2022"]
[White "Przybylski, Wojciech"]
[Black "Berant"]
[WhiteFideId "1117599"]
[WhiteElo "2577"]
[BlackElo "2555"]
[Result "1-0"]
[Round "11"]
[TimeControl "180+1"]
[Date "2022.06.28"]
[WhiteClock "0:00:12"]
[BlackClock "0:00:08"]

1. e4 c5 2. Nf3 Nc6 3. d4 cxd4 4. Nxd4 Nf6 5. Nc3 e5 6. Ndb5 d6 7. Bg5 a6 8. Na3 b5 9. Nd5 Be7 10. Bxf6 Bxf6 11. c3 O-O 12. Nc2 Bg5 13. h4 Bh6 14. a4 bxa4 15. Rxa4 a5 16. Bc4 Rb8 17. b3 Be6 18. g4 Bf4 19. Nce3 Ne7 20. Nf5 Nxd5 21. Bxd5 Qb6 22. O-O Bxf5 23. exf5 Bg3 24. g5 Rbc8 25. g6 hxg6 26. fxg6 Rxc3 27. Qh5 Rd8 28. gxf7+ Kf8 29. Rg4 Bf4 30. Qh8+ Ke7 31. Qxg7 Rf8 32. Rxf4 exf4 33. Qxc3 f3 34. Re1+ Kd8 35. Qf6+ Kc7 36. Qe7+ Kb8 37. Qxf8+ Ka7 38. Re7+ Ka6 39. Bc4+ Qb5 40. Qa8+ Kb6 41. Qb8+ Kc5 42. Qxb5+ Kd4 43. Qd5+ Kc3 44. Qd3+ Kb4 45. Qxf3 a4 46. bxa4 d5 47. Bxd5 Ka5 48. Ra7+ Kb6 49. Qe3# 1-0


[Site "https://www.chess.com"]

[Event "Titled Tuesday Blitz June 28 Late 2022"]
[White "Richter, Nils"]
[Black "Romero Ruscalleda, Josep"]
[WhiteFideId "12990809"]
[BlackFideId "2231859"]
[WhiteElo "2311"]
[BlackElo "2274"]
[Result "1-0"]
[Round "11"]
[TimeControl "180+1"]
[Date "2022.06.29"]
[WhiteClock "0:00:50"]
[BlackClock "0:00:05"]

1. Nf3 g6 2. g3 Bg7 3. Bg2 e5 4. O-O f5 5. d4 e4 6. Bg5 Nf6 7. Ne5 d6 8. Nc4 O-O 9. Nc3 h6 10. Bxf6 Bxf6 11. f3 exf3 12. exf3 Nc6 13. Ne2 Re8 14. c3 d5 15. Nd2 Qe7 16. Nf4 Qf7 17. Qb3 Ne7 18. Rae1 c6 19. Nd3 b6 20. Ne5 Bxe5 21. Rxe5 Ba6 22. Rfe1 Kg7 23. f4 Ng8 24. Qa3 Rxe5 25. Rxe5 Bb7 26. Qd6 Re8 27. c4 Nf6 28. cxd5 cxd5 29. Nf1 Ne4 30. Bxe4 dxe4 31. Ne3 Rxe5 32. Qxe5+ Kh7 33. d5 Qd7 34. d6 Bc8 35. Nd5 Qe6 36. Qxe6 Bxe6 37. d7 Bxd5 38. d8=Q Kg7 39. Qxd5 1-0


[Site "https://www.chess.com"]

[Event "Titled Tuesday Blitz June 28 Late 2022"]
[White "Rios Escobar, Adan"]
[Black "Kim, Sergey"]
[WhiteFideId "3403645"]
[BlackFideId "13700570"]
[WhiteElo "2481"]
[BlackElo "2592"]
[Result "1-0"]
[Round "11"]
[TimeControl "180+1"]
[Date "2022.06.28"]
[WhiteClock "0:00:27"]
[BlackClock "0:00:28"]

1. d4 Nf6 2. g3 g6 3. Bg2 Bg7 4. e4 d6 5. Ne2 O-O 6. O-O c6 7. a4 a5 8. Nbc3 Qc7 9. h3 e5 10. Be3 Re8 11. g4 Na6 12. Ng3 Nb4 13. f4 exd4 14. Bxd4 b6 15. Qd2 Ba6 16. Rfe1 Rad8 17. Rad1 d5 18. Qf2 c5 19. Be5 Qc8 20. exd5 Bb7 21. d6 Bxg2 22. Qxg2 Nd7 23. Bxg7 Kxg7 24. Nb5 Rxe1+ 25. Rxe1 Re8 26. Re7 Qd8 27. Qe2 Rf8 28. c4 Nc6 29. Qe3 Nf6 30. g5 Ng8 31. Qc3+ Nf6 32. Qxf6+ Kg8 33. Nf1 Re8 34. Qxf7+ 1-0


[Site "https://www.chess.com"]

[Event "Titled Tuesday Blitz June 28 Late 2022"]
[White "Rizzo, Tobias"]
[Black "Toncheva, Nadya"]
[WhiteFideId "30942691"]
[BlackFideId "2924056"]
[WhiteElo "2302"]
[BlackElo "1888"]
[Result "0-1"]
[Round "11"]
[TimeControl "180+1"]
[Date "2022.06.29"]
[WhiteClock "0:00:01"]
[BlackClock "0:00:05"]

1. d4 Nf6 2. Bg5 Ne4 3. h4 c5 4. d5 Qb6 5. Nd2 Nxd2 6. Bxd2 Qxb2 7. e4 d6 8. Bc4 f5 9. Bd3 fxe4 10. Bxe4 Qe5 11. f3 g6 12. Ne2 Bg7 13. Bc3 Qxc3+ 14. Nxc3 Bxc3+ 15. Ke2 b6 16. Bd3 Nd7 17. h5 g5 18. Rb1 Ne5 19. Kf1 O-O 20. Kg1 Bd4+ 21. Kh2 Rf4 22. Kg3 Bd7 23. Re1 Raf8 24. Re4 Rh4 25. Rxh4 gxh4+ 26. Kh2 Bf2 27. Qe2 Bg3+ 28. Kh1 Rf4 29. Be4 Kh8 30. Kg1 h3 31. gxh3 Bxh3 32. c3 Rf8 33. Kh1 Rf4 34. Kg1 Rh4 35. Rb2 Rxh5 36. f4 Bg4 37. Qg2 Bxf4 0-1


[Site "https://www.chess.com"]

[Event "Titled Tuesday Blitz June 28 Late 2022"]
[White "Sadhwani, Raunak"]
[Black "Andreikin, Dmitry"]
[WhiteFideId "35093487"]
[BlackFideId "4158814"]
[WhiteElo "2999"]
[BlackElo "3093"]
[Result "0-1"]
[Round "11"]
[TimeControl "180+1"]
[Date "2022.06.28"]
[WhiteClock "0:00:01"]
[BlackClock "0:00:08"]

1. e4 c5 2. Nf3 e6 3. d4 cxd4 4. Nxd4 Nc6 5. Nc3 Qc7 6. g3 a6 7. Bg2 Nf6 8. O-O Nxd4 9. Qxd4 Bc5 10. Bf4 d6 11. Qd2 h6 12. a3 e5 13. Be3 Bxe3 14. Qxe3 Be6 15. Rad1 O-O 16. Rd2 b5 17. Rfd1 Rfd8 18. h3 Rab8 19. f4 a5 20. f5 Bc4 21. g4 b4 22. axb4 axb4 23. Ne2 Bxe2 24. Qxe2 Ra8 25. Kh2 Ra2 26. c4 bxc3 27. bxc3 Ra3 28. c4 Rc3 29. Rc2 Rxc2 30. Qxc2 Qc5 31. Qd3 Qf2 32. Qd2 Qc5 33. Qd3 Kh7 34. Rd2 Qb4 35. Rd1 Qb6 36. Rd2 Qc5 37. Rd1 Rd7 38. Rd2 Qb4 39. Rd1 Ne8 40. Rb1 Qc5 41. Rb5 Qf2 42. c5 Rc7 43. cxd6 Nxd6 44. Rxe5 Rc1 45. Rd5 Qg1+ 46. Kg3 Qe1+ 47. Kh2 Nc4 48. e5 Rc3 49. Qd1 Qg3+ 50. Kh1 Ne3 51. Qg1 Rc1 0-1


[Site "https://www.chess.com"]

[Event "Titled Tuesday Blitz June 28 Late 2022"]
[White "Salem, A.R. Saleh"]
[Black "Bortnyk, Olexandr"]
[WhiteFideId "9301348"]
[BlackFideId "14120828"]
[WhiteElo "2968"]
[BlackElo "3045"]
[Result "1-0"]
[Round "11"]
[TimeControl "180+1"]
[Date "2022.06.28"]
[WhiteClock "0:01:20"]
[BlackClock "0:00:03"]

1. d4 d6 2. e4 Nf6 3. f3 e5 4. d5 Be7 5. Be3 O-O 6. Qd2 c6 7. c4 a5 8. Ne2 a4 9. Nec3 Nh5 10. Na3 Bd7 11. O-O-O Na6 12. Kb1 Nb4 13. g3 f5 14. Be2 f4 15. Bf2 c5 16. g4 Nf6 17. h4 Ne8 18. Nab5 Nc7 19. a3 Nba6 20. Nxa4 Nxb5 21. cxb5 Nb8 22. Nxc5 dxc5 23. d6 Bf6 24. Qd5+ Kh8 25. g5 Be8 26. gxf6 gxf6 27. Qxc5 Nd7 28. Qc7 f5 29. Qxd8 Rxd8 30. exf5 Rxf5 31. Bd3 Rf6 32. Be4 b6 33. h5 Rh6 34. Bh4 Rc8 35. Bg5 Rxh5 36. Rxh5 Bxh5 37. Rh1 Bf7 38. Bf5 Rc5 39. Bxd7 e4 40. Bf6+ Kg8 41. Rg1+ Bg6 42. Be6+ Kf8 43. d7 exf3+ 44. Rxg6 1-0


[Site "https://www.chess.com"]

[Event "Titled Tuesday Blitz June 28 Late 2022"]
[White "Sanchez Alarcon, Juan"]
[Black "Kovacevic, Radmila"]
[WhiteFideId "3401332"]
[BlackFideId "933171"]
[WhiteElo "2164"]
[BlackElo "2115"]
[Result "1/2-1/2"]
[Round "11"]
[TimeControl "180+1"]
[Date "2022.06.29"]
[WhiteClock "0:00:42"]
[BlackClock "0:00:19"]

1. e4 e5 2. Nf3 d5 3. exd5 e4 4. Ne5 Qxd5 5. d4 exd3 6. Nxd3 Nf6 7. Nc3 Qe6+ 8. Be2 Bd6 9. O-O O-O 10. Bf4 Bxf4 11. Nxf4 Qf5 12. Nfd5 Nxd5 13. Nxd5 Qd7 14. Ne3 c6 15. c4 Qe7 16. Qc2 g6 17. c5 Nd7 18. b4 Nf6 19. Rad1 Re8 20. Bf3 Be6 21. Rfe1 Rad8 22. Rxd8 Qxd8 23. Rd1 Qc7 24. Nc4 Bxc4 25. Qxc4 Qe5 26. g3 h5 27. h4 a6 28. Kg2 Kg7 29. Qd4 Qxd4 30. Rxd4 Re1 31. Rd3 Ra1 32. a3 Kf8 33. Re3 Ne8 34. Be2 Nc7 35. Bc4 Nd5 36. Bxd5 cxd5 37. Rd3 Ke7 38. Rxd5 Rxa3 39. Rd4 Rb3 40. f3 Rb2+ 41. Kh3 Rb3 42. Kg2 Rb2+ 43. Kh3 Rf2 44. Rf4 f5 45. Rc4 Rxf3 46. Kg2 Ra3 47. c6 bxc6 48. Rxc6 Kf7 49. Rb6 Kg7 50. Rb7+ Kf6 51. Rb6+ Kg7 52. Rb7+ Kh6 53. Rb6 Rb3 54. Rxa6 Rxb4 55. Rc6 f4 56. gxf4 Rxf4 57. Kg3 Rg4+ 58. Kh3 Kg7 59. Ra6 Kf7 60. Rb6 Rg1 61. Ra6 g5 62. hxg5 Rxg5 63. Kh4 Rb5 64. Rh6 Kg7 65. Rxh5 Rxh5+ 66. Kxh5 1/2-1/2


[Site "https://www.chess.com"]

[Event "Titled Tuesday Blitz June 28 Late 2022"]
[White "Sargsyan, Anna M."]
[Black "Kaganskiy, Gleb"]
[WhiteFideId "13308130"]
[BlackFideId "4132025"]
[WhiteElo "2271"]
[BlackElo "2165"]
[Result "1-0"]
[Round "11"]
[TimeControl "180+1"]
[Date "2022.06.29"]
[WhiteClock "0:02:24"]
[BlackClock "0:01:32"]

1. d4 g6 2. g3 d5 3. Bg2 Bg7 4. c4 c6 5. cxd5 cxd5 6. Nc3 Nf6 7. Nf3 Nc6 8. Ne5 O-O 9. O-O Nd7 10. Nxc6 bxc6 11. Qa4 Qb6 12. Be3 Qxb2 13. Rab1 Qxc3 14. Rfc1 Nb6 15. Rxb6 axb6 16. Qxa8 Qb2 17. Qxc6 Qxe2 18. Bxd5 Bg4 19. Qxb6 Bf3 20. Bc4 1-0


[Site "https://www.chess.com"]

[Event "Titled Tuesday Blitz June 28 Late 2022"]
[White "Schekachikhin, Maksim"]
[Black "Matlakov, Maxim"]
[WhiteFideId "24177830"]
[BlackFideId "4168003"]
[WhiteElo "2650"]
[BlackElo "2914"]
[Result "0-1"]
[Round "11"]
[TimeControl "180+1"]
[Date "2022.06.28"]
[WhiteClock "0:00:02"]
[BlackClock "0:00:17"]

1. e4 c5 2. Nf3 d6 3. d4 cxd4 4. Nxd4 Nf6 5. Nc3 e6 6. f4 a6 7. Be3 Qc7 8. Qf3 b5 9. a3 Bb7 10. O-O-O Be7 11. Bd3 Nc6 12. g4 b4 13. axb4 Nxb4 14. g5 Nd7 15. Kb1 Rb8 16. h4 Ba8 17. h5 Nc5 18. g6 hxg6 19. hxg6 Rxh1 20. gxf7+ Kd7 21. Qxh1 Qa5 22. Nb3 Nxb3 23. cxb3 Nxd3 24. Rxd3 Rxb3 25. Qh8 Qd8 26. Qxg7 Bxe4 27. Nxe4 Rxd3 28. Bb6 Qf8 29. Nf6+ Kc6 30. Qxf8 Bxf8 31. Nh7 Bh6 32. Bd8 Rf3 33. Bg5 Bg7 34. Bf6 Rxf4 35. Bxg7 Rxf7 36. Nf8 Rxg7 37. Nxe6 Rg2 0-1


[Site "https://www.chess.com"]